 Dungeon Crawl Stone Soup version 0.23.2-1-ga50397a (webtiles) character file.

Game seed: 11878566082994732802

164 schauveau the Vandal (level 5, -1/34 HPs)
             Began as a Halfling Hunter on May 2, 2019.
             Slain by an orc wizard
             ... wielding a +0 long sword
              (5 damage)
             ... on level 3 of the Dungeon.
             The game lasted 00:05:39 (3404 turns).

schauveau the Vandal (Halfling Hunter)              Turns: 3404, Time: 00:05:40

Health: -1/34      AC:  5    Str: 13    XL:     5   Next: 73%
Magic:  5/5        EV: 14    Int:  9    God:
Gold:   157        SH:  6    Dex: 16    Spells: 4/4 levels left

rFire    . . .     SeeInvis .   b - +0 short sword
rCold    . . .     Gourm    .   (shield restricted)
rNeg     . . .     Faith    .   c - +0 leather armour
rPois    .         Spirit   .   i - +0 helmet
rElec    .         Reflect  +   (no cloak)
rCorr    .         Harm     .   (no gloves)
MR       .....                  l - +0 pair of boots
Stlth    ++........             p - +6 amulet of reflection
HPRegen  0.11/turn              (no ring)
MPRegen  0.09/turn              (no ring)

@: no status effects
A: small, mutation resistance 1
a: no special abilities


You were on level 3 of the Dungeon.
You were not hungry.

You visited 1 branch of the dungeon, and saw 4 of its levels.

You collected 157 gold pieces.

Inventory:

Hand Weapons
 a - a +1 hunting sling
 b - a +0 short sword (weapon)
Missiles
 d - 28 sling bullets
 h - 4 needles of sleeping
 j - 44 stones (quivered)
Armour
 c - a +0 leather armour (worn)
 i - a +0 helmet (worn)
 l - a +0 pair of boots (worn)
Jewellery
 p - a +6 amulet of reflection (around neck)
Scrolls
 g - 3 scrolls of remove curse
 r - a scroll of teleportation
 s - 2 scrolls of identify
Potions
 e - a potion of brilliance {unknown}
 k - 3 potions of curing
 m - a potion of cancellation {unknown}
 o - a potion of magic
 q - 2 potions of lignification
Comestibles
 f - 5 rations
 n - a chunk of flesh


   Skills:
 - Level 1.7 Fighting
 * Level 6.4(7.8) Slings
 - Level 4.6(5.4) Throwing
 - Level 2.1 Dodging
 - Level 1.1 Stealth


You had 4 spell levels left.
You didn't know any spells.
Your spell library was empty.

Dungeon Overview and Level Annotations

Branches:
Dungeon (4/15)
 Temple: D:4-7

Altars:


Innate Abilities, Weirdness & Mutations

You are small and have problems with some larger weapons.
You are somewhat resistant to further mutation.


Message History

Something hits you.
You closely miss something.
You hear some strange, mumbled words.
A puff of flame appears from out of thin air!
The puff of flame hits you.
You barely miss something. You block something's attack.
You closely miss something. Something hits you but does no damage.
You hit something.
You hear some strange, mumbled words.
A puff of flame appears from out of thin air!
The puff of flame hits you but does no damage.
You closely miss something. Something hits you!
* * * LOW HITPOINT WARNING * * *
You barely miss something. Something hits you.
* * * LOW HITPOINT WARNING * * *
You barely miss something. You hit something. Something hits you.
* * * LOW HITPOINT WARNING * * *
Something hits you.
You die...

....# #...(# .##.#
#..%(# .##)# #...(#
.##.# #....# .##.#
#########....#
.##.####
#............#
.##....#
#............#
.#####.#
#......{.....# .#
###.#
#......@.##### ##
#...# #...<....#
###.### #........#
#...# #........#
#.#######........#
##.......#........#
.....###.#........#
..................#
..................#


There were no monsters in sight!

Vanquished Creatures
  An orc priest (D:3)
  An orc wizard (D:3)
  4 adders
  2 dart slugs (D:3)
  2 leopard geckos
  7 orcs
  A ball python (D:2)
  6 bats
  4 giant cockroaches (D:2)
  7 goblins
  7 hobgoblins
  3 frilled lizards (D:2)
  6 kobolds
  8 rats
59 creatures vanquished.

Notes
Turn   | Place    | Note
-------+----------+-------------------------------------------
     0 | D:1      | schauveau the Halfling Hunter began the quest for the Orb.
     0 | D:1      | Reached XP level 1. HP: 14/14 MP: 1/1
   149 | D:1      | Reached skill level 6 in Slings
   197 | D:2      | Reached XP level 2. HP: 19/19 MP: 2/2
   215 | D:1      | Reached skill level 1 in Throwing
  1126 | D:2      | Reached XP level 3. HP: 24/24 MP: 3/3
  1968 | D:2      | Reached XP level 4. HP: 26/29 MP: 4/4
  2568 | D:2      | Found a faded altar of an unknown god.
  3056 | D:3      | Reached XP level 5. HP: 28/34 MP: 5/5
  3404 | D:3      | Slain by an orc wizard

Skill      XL: |  1  2  3  4 |
---------------+-------------+-----
Slings         | 6 |  6.4
Throwing       | 1 2 4 |  4.6
Fighting       | |  1.7
Dodging        | |  2.1
Stealth        | |  1.1

Action                   |  1- 3 |  4- 6 || total
-------------------------+-------+-------++-------
Melee: Short sword       |   115 |   109 ||   224
 Fire: Hunting sling     |     9 |    16 ||    25
  Use: Scroll            |       |     7 ||     7
 Stab: Sleeping          |     3 |       ||     3
  Eat: Chunk             |     3 |     5 ||     8
Armor: Leather armour    |    37 |    15 ||    52
Dodge: Dodged            |   104 |    64 ||   168
Block: Other             |       |    15 ||    15
       Reflection        |       |     1 ||     1
